 Dungeon Crawl Stone Soup version 0.23.2-40-g277498a001 (webtiles) character file.

Game seed: 3156539041287826437

1940 Martska the Cleaver (level 9, -1/82 HPs)
             Began as a Hill Orc Fighter on Oct 1, 2019.
             Was an Initiate of Trog.
             Slain by a killer bee (5 damage)
             ... on level 7 of the Dungeon.
             The game lasted 00:19:53 (8755 turns).

Martska the Cleaver (Hill Orc Fighter)              Turns: 8755, Time: 00:19:54

Health: -1/82      AC:  7    Str: 20    XL:     9   Next: 18%
Magic:  9/9        EV:  8    Int:  8    God:    Trog [......]
Gold:   232        SH: 10    Dex: 12    Spells: 8/8 levels left

rFire    . . .     SeeInvis .   a - +0 war axe
rCold    . . .     Gourm    .   c - +0 shield
rNeg     . . .     Faith    .   b - +0 scale mail
rPois    .         Spirit   .   (no helmet)
rElec    .         Reflect  .   (no cloak)
rCorr    .         Harm     .   (no gloves)
MR       .....                  (no boots)
Stlth    ..........             h - amulet of rage
HPRegen  0.23/turn              (no ring)
MPRegen  0.11/turn              (no ring)

@: lethally poisoned (-1 -> -35)
A: no striking features
a: Renounce Religion, Evoke Berserk Rage


You were on level 7 of the Dungeon.
You worshipped Trog.
Trog was noncommittal.
You were not hungry.

You visited 1 branch of the dungeon, and saw 7 of its levels.

You collected 232 gold pieces.

Inventory:

Hand Weapons
 a - a +0 war axe (weapon)
Armour
 b - a +0 scale mail (worn)
 c - a +0 shield (worn)
Jewellery
 h - an amulet of rage (around neck)
 r - an uncursed ring of protection from cold {unknown}
 v - a cursed -3 ring of strength {unknown}
Wands
 u - a wand of paralysis (12)
 x - a wand of disintegration (16)
Scrolls
 e - a scroll of enchant armour {unknown}
 g - a scroll of fog {unknown}
 i - 5 scrolls of teleportation {unknown}
 k - a scroll of amnesia {unknown}
 l - 3 scrolls of remove curse {unknown}
 n - 7 scrolls of identify {unknown}
 o - a scroll of magic mapping {unknown}
 w - a scroll of immolation {unknown}
 y - a scroll of fear {unknown}
 A - a scroll of random uselessness {unknown}
Potions
 d - a potion of might
 j - 2 potions of degeneration {unknown}
 m - 3 potions of flight {unknown}
 p - a potion of ambrosia {unknown}
 q - a potion of curing {unknown}
 s - a potion of berserk rage {unknown}
 t - 2 potions of lignification {unknown}
 z - a potion of agility
Comestibles
 f - 5 rations


   Skills:
 * Level 8.9 Fighting
 * Level 9.1 Axes
 + Level 6.2 Armour
 + Level 6.2 Shields


You had 8 spell levels left.
You didn't know any spells.
Your spell library was empty.

Dungeon Overview and Level Annotations

Branches:
Dungeon (7/15)             Temple (0/1) D:6

Altars:
Qazlal
Trog


Message History

The killer bee poisons you! You block the killer bee's attack.
The killer bee stings you.
* * * LOW HITPOINT WARNING * * *
The killer bee stings you but does no damage.
The killer bee stings you.
* * * LOW HITPOINT WARNING * * *
You are more poisoned.
The killer bee poisons you!
You miss the killer bee.
The killer bee is moderately wounded.
You slash the killer bee!
You kill the killer bee!
Trog accepts your kill.
You miss the killer bee.
* * * LOW HITPOINT WARNING * * *
You feel very sick. The killer bee stings you.
* * * LOW HITPOINT WARNING * * *
The killer bee stings you.
You die...

#.#.#.# #.######.# ..
#.#.#.#..##.##.....# ...
#.#.#.....#.##.....#
##.!#.#.###...#.##.....#
....#.#.###...#.##.....#
#.(...#(......##.....#
##......# .. #......
#.[.†y.+ +......
#...@y.# #....##
.......#....... ...... #
######. .............. #
## .####..>...... # .#
####'### # .# #. # .# .#


You could see 2 killer bees.

Vanquished Creatures
  A hippogriff (D:6)
  Prince Ribbit (D:5)
  Duvessa (D:4)
  A sky beast (D:6)
  An ogre (D:7)
  A bullfrog (D:6)
  A wyvern skeleton (D:6)
  Dowan (D:4)
  3 scorpions
  4 killer bees (D:7)
  A crimson imp (D:6)
  2 orc wizards (D:4)
  A jelly (D:6)
  A bullfrog skeleton (D:7)
  4 hounds
  An iguana (D:6)
  Jessica (D:2)
  7 worker ants
  A hound skeleton (D:5)
  3 gnolls
  12 adders
  2 shadow imps
  An ooze (D:2)
  An adder skeleton (D:4)
  4 worms
  3 dart slugs
  15 orcs
  2 bats
  10 giant cockroaches
  14 hobgoblins
  6 jackals (D:5)
  9 kobolds
  3 quokkas
  A ball python (D:2)
  3 frilled lizards
  6 goblins
  6 rats
135 creatures vanquished.

Notes
Turn   | Place    | Note
-------+----------+-------------------------------------------
     0 | D:1      | Martska the Hill Orc Fighter began the quest for the Orb.
     0 | D:1      | Reached XP level 1. HP: 19/19 MP: 1/1
   166 | D:1      | Reached XP level 2. HP: 27/27 MP: 2/2
   419 | D:1      | Reached skill level 3 in Axes
   569 | D:2      | Reached XP level 3. HP: 33/33 MP: 3/3
  1060 | D:2      | Found a stormy altar of Qazlal.
  1063 | D:2      | Noticed Jessica
  1065 | D:2      | Reached XP level 4. HP: 36/41 MP: 4/4
  1069 | D:2      | Killed Jessica
  1682 | D:2      | Reached skill level 4 in Axes
  1822 | D:3      | Reached XP level 5. HP: 44/47 MP: 5/5
  1843 | D:3      | Reached skill level 5 in Fighting
  2807 | D:4      | Reached XP level 6. HP: 49/56 MP: 6/6
  2809 | D:4      | Reached skill level 5 in Axes
  4623 | D:4      | Noticed Dowan
  4624 | D:4      | Noticed Duvessa
  4654 | D:5      | Entered Level 5 of the Dungeon
  4664 | D:5      | Reached XP level 7. HP: 42/63 MP: 7/7
  5201 | D:5      | Reached skill level 6 in Axes
  5464 | D:5      | Found a bloodstained altar of Trog.
  5464 | D:5      | Noticed Prince Ribbit
  5480 | D:5      | Became a worshipper of Trog the Wrathful
  5816 | D:4      | Killed Dowan
  5964 | D:4      | Killed Duvessa
  5964 | D:4      | Reached skill level 5 in Shields
  6348 | D:5      | Killed Prince Ribbit
  6348 | D:5      | Reached skill level 7 in Axes
  6348 | D:5      | Reached skill level 5 in Armour
  6348 | D:5      | Reached XP level 8. HP: 39/73 MP: 8/8
  7275 | D:6      | Found a staircase to the Ecumenical Temple.
  7350 | D:6      | Reached skill level 8 in Axes
  7632 | D:6      | Noticed a hippogriff
  7646 | D:6      | Killed a hippogriff
  8433 | D:7      | Reached XP level 9. HP: 81/82 MP: 9/9
  8643 | D:7      | Reached skill level 9 in Axes
  8755 | D:7      | HP: 4/82 [killer bee (2)]
  8755 | D:7      | Slain by a killer bee

Skill      XL: |  1  2  3  4  5  6  7  8  9 |
---------------+----------------------------+-----
Fighting       | 4 5 6 7 8 |  8.9
Axes           | 3 4 5 7 8 9 |  9.1
Shields        | 4 5 6 |  6.2
Armour         | 4 5 6 |  6.2

Action                   |  1- 3 |  4- 6 |  7- 9 || total
-------------------------+-------+-------+-------++-------
Melee: War axe           |    93 |   199 |   292 ||   584
 Abil: Evoke Berserk Rag |       |       |     1 ||     1
  Eat: Ration            |       |     3 |     4 ||     7
       Chunk             |       |     3 |       ||     3
Armor: Scale mail        |    38 |    88 |   107 ||   233
Dodge: Dodged            |    28 |    52 |    71 ||   151
Block: Shield            |    46 |   118 |   173 ||   337
